 Dungeon Crawl Stone Soup version 0.21.1-1-g345015fe64 (webtiles) character file.

5215 LevaFresel the Chopper (level 10, -20/75 (77) HPs)
             Began as a Human Fighter on June 12, 2018.
             Was a Believer of Nemelex Xobeh.
             Demolished by a two-headed ogre
             ... wielding a +0 giant club
              (22 damage)
             ... on level 8 of the Dungeon.
             The game lasted 00:49:59 (10646 turns).

LevaFresel the Chopper (Human Fighter)             Turns: 10646, Time: 00:49:59

HP:   -20/75 (77)   AC: 19    Str: 20    XL:     10   Next: 92%
MP:   12/12         EV:  7    Int:  9    God:    Nemelex Xobeh [**....]
Gold: 301           SH: 12    Dex: 12    Spells: 9/9 levels left

rFire    . . .     SeeInvis .   a - +2 hand axe (elec)
rCold    . . .     Gourm    .   c - +0 shield
rNeg     . . .     Faith    .   v - +0 plate armour
rPois    .         Spirit   .   (no helmet)
rElec    .         Reflect  +   F - +2 cloak {MR+}
rCorr    .         Harm     .   j - +2 pair of gloves
MR       +....                  (no boots)
Stlth    ..........             u - +2 amulet of reflection
HPRegen  0.22/turn              (no ring)
MPRegen  0.13/turn              (no ring)

@: no status effects
A: no striking features
a: Renounce Religion


You were on level 8 of the Dungeon.
You worshipped Nemelex Xobeh.
Nemelex Xobeh was pleased with you.
You were not hungry.

You visited 2 branches of the dungeon, and saw 11 of its levels.

You collected 301 gold pieces.

Inventory:

Hand Weapons
 a - a +2 hand axe of electrocution (weapon)
 r - a +1 hand axe of freezing
Missiles
 l - 35 poisoned needles
 o - 7 needles of confusion
 z - a throwing net (quivered)
Armour
 c - a +0 shield (worn)
 j - a +2 pair of gloves (worn)
 v - a +0 plate armour (worn)
 F - a +2 cloak of magic resistance (worn)
Jewellery
 u - a +2 amulet of reflection (around neck)
 L - a cursed -3 ring of strength {unknown}
Wands
 y - a wand of iceblast (8)
 D - a wand of disintegration (16)
 H - a wand of clouds (2)
 I - a wand of paralysis (1)
Scrolls
 d - a scroll of random uselessness {unknown}
 e - a scroll of enchant weapon
 g - 5 scrolls of teleportation {unknown}
 h - 3 scrolls of immolation {unknown}
 k - a scroll of magic mapping
 p - 2 scrolls of enchant armour {unknown}
 s - a scroll of silence {unknown}
 x - 2 scrolls of remove curse
 E - 5 scrolls of identify {unknown}
 J - a scroll of vulnerability {unknown}
Potions
 b - a potion of brilliance {unknown}
 i - 4 potions of heal wounds {unknown}
 m - 4 potions of curing {unknown}
 n - 2 potions of haste {unknown}
 t - 2 potions of magic {unknown}
 A - a potion of cancellation {unknown}
Books
 q - Feenotsa's Volume of the Traveller
   (You found it on level 5 of the Dungeon)

   Spells                             Type                      Level
   a - Apportation                    Translocation                1
   b - Blink                          Translocation                2
   c - Passage of Golubria            Translocation                4
   d - Summon Forest                  Summoning/Translocation      5
   e - Disjunction                    Translocation                8
Miscellaneous
 w - a plain deck of destruction {drawn: 7}
 B - a plain deck of destruction
 C - an ornate deck of escape
 G - a fan of gales
 K - a plain deck of escape
Comestibles
 f - 9 rations


   Skills:
 + Level 6.7 Fighting
   Level 3.9 Long Blades
 * Level 7.7 Axes
 + Level 6.6 Armour
 + Level 5.7 Dodging
 + Level 6.7 Shields
 + Level 3.5 Invocations
 + Level 3.1 Evocations


You had 9 spell levels left.
You didn't know any spells.

Dungeon Overview and Level Annotations

Branches:
Dungeon (10/15)            Temple (1/1) D:4            Lair (0/6) D:8
    Orc (0/2) D:9

Altars:
Ashenzari
Cheibriados
Gozag
Kikubaaqudgha
Makhleb
Nemelex Xobeh
Okawaru
Qazlal
Ru
Sif Muna
Trog
Uskayaw
Vehumet
Wu Jian
Xom
Yredelemnul
Zin
The Shining One

Shops:
D:6 }

Annotations:
D:4 Natasha


Message History

* * * LOW HITPOINT WARNING * * *
Aiming: Paralyse
Press: ? - help, Shift-Dir - straight line, f - two-headed ogre, p - ogre
Aim: a two-headed ogre, wielding a giant club and a giant spiked club (severely wounded, chance to defeat MR: 37%)
The two-headed ogre easily resists.
The ogre is engulfed in poison gas.
The ogre looks even sicker.
You kill the ogre!
The two-headed ogre completely misses you.
You block the two-headed ogre's attack.
Aiming: Paralyse
Press: ? - help, Shift-Dir - straight line, f/p - two-headed ogre
Aim: a two-headed ogre, wielding a giant club and a giant spiked club (severely wounded, chance to defeat MR: 37%)
The two-headed ogre resists with some effort.
Aiming: Paralyse
Press: ? - help, Shift-Dir - straight line, f/p - two-headed ogre
Aim: a two-headed ogre, wielding a giant club and a giant spiked club (severely wounded, chance to defeat MR: 37%)
The two-headed ogre resists with some effort.
The two-headed ogre hits you with a giant club!!
You die...
Your body glows with a rainbow of weird colours and disappears.

... ##.# ##.#
########### ##.#
#.........# ##.#
#.........#
##.####.........#
'.....'.....§...#
##.####.....§§§.##
............§§§§@#
##.#########§§##O#
##'####### ##.##.#
.........# #..#.#
...)†....# ##.#.#
.........# #.#.##
..O......# #....#
?........#
##...###########
##........#
#.............#


You could see a two-headed ogre.

Vanquished Creatures
  A two-headed ogre (D:9)
  The ghost of nulman the Cleaver, a novice HOMo (D:8)
  Grinder (D:5)
  Sigmund (D:4)
  Menkaure (D:7)
  A warg (D:9)
  Edmund (D:4)
  3 orc warriors
  A sky beast (D:8)
  2 necrophages (D:7)
  2 black bears
  The ghost of nulman the Slasher, an amateur MiBe of Trog (D:3)
  An eye of draining (D:8)
  3 centaurs
  2 ogres
  4 bullfrogs
  3 scorpions
  5 wights (D:7)
  An electric eel (D:6)
  3 crimson imps
  A bullfrog zombie (D:6)
  9 orc priests
  Crazy Yiuf (D:7)
  3 bullfrog skeletons
  3 hounds
  8 orc wizards
  Natasha (D:4)
  An iguana (D:5)
  5 worker ants
  2 hound skeletons
  A worker ant zombie (D:8)
  4 gnolls (D:6)
  6 adders
  A shadow imp (D:9)
  2 adder skeletons
  5 worms
  3 dart slugs
  The ghost of gorpus the Grave Robber, a weakling OpNe (D:4)
  3 leopard geckos
  55 orcs
  3 bats
  4 giant cockroaches
  3 goblins
  8 hobgoblins
  10 jackals
  6 kobolds
  4 quokkas
  5 frilled lizards
  A jackal skeleton (D:8)
  6 rats
  A plant (D:6)
204 creatures vanquished.

Vanquished Creatures (others)
  2 plants (D:6)
2 creatures vanquished.

Grand Total: 206 creatures vanquished

Notes
Turn   | Place    | Note
-------+----------+-------------------------------------------
     0 | D:1      | LevaFresel the Human Fighter began the quest for the Orb.
     0 | D:1      | Reached XP level 1. HP: 18/18 MP: 1/1
   238 | D:1      | Reached XP level 2. HP: 20/24 MP: 2/2
   584 | D:1      | Reached XP level 3. HP: 29/29 MP: 3/3
  1181 | D:2      | Reached skill level 1 in Dodging
  1397 | D:2      | Found a hide-covered altar of Uskayaw.
  2078 | D:3      | Reached XP level 4. HP: 35/35 MP: 4/4
  2256 | D:3      | Noticed nulman's ghost (amateur MiBe)
  2277 | D:3      | Found a snail-covered altar of Cheibriados.
  2426 | D:5      | Entered Level 5 of the Dungeon
  2426 | D:5      | Noticed a centaur
  2644 | D:4      | Reached XP level 5. HP: 34/41 MP: 5/5
  2737 | D:4      | Killed a centaur
  2737 | D:4      | Reached XP level 6. HP: 40/48 MP: 6/6
  3180 | D:4      | Noticed Sigmund
  3185 | D:4      | Killed Sigmund
  3185 | D:4      | Reached skill level 1 in Axes
  3185 | D:4      | Reached XP level 7. HP: 49/54 MP: 7/7
  3221 | D:5      | Identified Feenotsa's Volume of the Traveller
  3235 | D:4      | Noticed Natasha
  3243 | D:4      | Killed Natasha
  3243 | D:4      | Reached skill level 2 in Axes
  3261 | D:4      | Noticed Edmund
  3281 | D:4      | Killed Edmund
  3433 | D:4      | Found an opulent altar of Gozag.
  3433 | D:4      | Found a glowing golden altar of the Shining One.
  3433 | D:4      | Found a glowing silver altar of Zin.
  3651 | D:4      | Noticed Grinder
  3653 | D:4      | Noticed Natasha
  3654 | D:4      | Paralysed by Grinder for 3 turns
  3911 | D:3      | Killed nulman's ghost
  3911 | D:3      | Reached skill level 3 in Axes
  3911 | D:3      | Reached XP level 8. HP: 61/61 MP: 8/8
  4266 | D:4      | Noticed gorpus's ghost (weakling OpNe)
  4269 | D:4      | Killed gorpus's ghost
  4438 | D:4      | Found a staircase to the Ecumenical Temple.
  4447 | Temple   | Entered the Ecumenical Temple
  4502 | Temple   | Became a worshipper of Nemelex Xobeh the Trickster
  4610 | D:5      | Killed Grinder
  4701 | D:5      | Received a gift from Nemelex Xobeh
  4858 | D:5      | Reached skill level 4 in Axes
  5282 | D:5      | Reached skill level 5 in Shields
  5649 | D:6      | Reached skill level 5 in Fighting
  5649 | D:6      | Reached skill level 5 in Armour
  6330 | D:6      | Reached XP level 9. HP: 57/68 MP: 9/9
  6409 | D:6      | Found an iron altar of Okawaru.
  6478 | D:6      | Reached * piety under Nemelex Xobeh
  6629 | D:6      | Reached skill level 5 in Axes
  6763 | D:6      | Received a gift from Nemelex Xobeh
  7030 | D:6      | Found Qyaps's Gadget Shoppe.
  7783 | D:7      | Reached skill level 6 in Axes
  7783 | D:7      | Reached skill level 1 in Invocations
  8027 | D:7      | Reached skill level 1 in Evocations
  8237 | D:7      | Noticed Menkaure
  8270 | D:7      | Killed Menkaure
  8648 | D:7      | Received a gift from Nemelex Xobeh
  8731 | D:7      | Found a runed door.
  8735 | D:7      | Noticed Crazy Yiuf
  8739 | D:7      | Killed Crazy Yiuf
  8739 | D:7      | Reached XP level 10. HP: 74/74 MP: 11/11
  8840 | D:9      | Reached ** piety under Nemelex Xobeh
  9014 | D:8      | Noticed nulman's ghost (novice HOMo)
  9037 | D:10     | Entered Level 10 of the Dungeon
  9074 | D:9      | Reached skill level 5 in Dodging
  9562 | D:9      | Received a gift from Nemelex Xobeh
  9567 | D:9      | Found a staircase to the Orcish Mines.
  9633 | D:8      | Found a staircase to the Lair.
  9691 | D:8      | Noticed a two-headed ogre
  9705 | D:9      | Killed a two-headed ogre
  9705 | D:9      | Reached skill level 7 in Axes
  9967 | D:8      | Killed nulman's ghost
 10442 | D:8      | Noticed a two-headed ogre
 10643 | D:8      | HP: 1/75 [two-headed ogre/giant club (9)]
 10646 | D:8      | Demolished by a two-headed ogre

Skill      XL: |  1  2  3  4  5  6  7  8  9 10 |
---------------+-------------------------------+-----
Dodging        | 1 2 3 4 5 |  5.7
Long Blades    | 3 |  3.9
Fighting       | 4 5 6 |  6.7
Axes           | 1 3 4 6 7 |  7.7
Armour         | 4 5 6 |  6.6
Shields        | 4 5 6 |  6.7
Invocations    | 1 3 |  3.5
Evocations     | 1 3 |  3.1

Action                   |  1- 3 |  4- 6 |  7- 9 | 10-12 || total
-------------------------+-------+-------+-------+-------++-------
Melee: Long sword        |   102 |    92 |       |       ||   194
       Hand axe          |       |    18 |   377 |   183 ||   578
Evoke: Deck              |       |       |     5 |     2 ||     7
       Wand              |       |       |     3 |     9 ||    12
  Use: Scroll            |     3 |       |     2 |       ||     5
       Potion            |       |       |     1 |       ||     1
 Stab: Paralysed         |       |       |       |     8 ||     8
       Confused          |       |       |       |     2 ||     2
  Eat: Ration            |     1 |     1 |     4 |     2 ||     8
       Chunk             |       |     1 |     4 |       ||     5
Armor: Scale mail        |    53 |    67 |     6 |       ||   126
       Chain mail        |       |       |    86 |       ||    86
       Plate armour      |       |       |    55 |    92 ||   147
Dodge: Dodged            |    37 |    45 |    68 |    31 ||   181
Block: Shield            |    53 |    65 |   162 |   104 ||   384
       Reflection        |       |       |       |     1 ||     1
       Rpst.: Long sword |    19 |    17 |       |       ||    36
